 Dungeon Crawl Stone Soup version 0.29.1-1-gd02db6906a (webtiles) character file.

Game seed: 16872420002590160986

40804 croobank the Spry (level 13, -9/65 HPs)
             Began as a Felid Summoner on Oct 7, 2022.
             Was an Initiate of Gozag.
             Killed from afar by a nagaraja (38 damage)
             ... with a bolt of poison
             ... on level 1 of the Snake Pit on Oct 8, 2022.
             The game lasted 02:44:27 (28127 turns).

croobank the Spry (Felid Summoner)                 Turns: 28127, Time: 02:44:28

Health: -9/65      AC:  3    Str:  4    XL:     13   Next: 76%
Magic:  9/28       EV: 28    Int: 28    God:    Gozag
Gold:   4240       SH:  0    Dex: 16    Spells: 0/32 levels left
                                        Lives:  0   Deaths: 3

rFire   + . .      SeeInvis +     - Unarmed
rCold   + . .      Faith    .   (shield unavailable)
rNeg    . . .      Spirit   .   (body armour unavailable)
rPois   .          Reflect  .   (helmet unavailable)
rElec   .          Harm     .   (cloak unavailable)
rCorr   .          Rampage  .   (gloves unavailable)
Will    +....                   (boots unavailable)
Stlth   +++++.....              j - amulet of magic regeneration
HPRegen 0.20/turn               N - ring of protection from fire
MPRegen 0.61/turn               y - +6 ring of intelligence

@: lethally poisoned (-9 -> -29), gold aura, studying Unarmed Combat, quick
A: very small, claws 1, fangs 3, see invisible, speed 1, shaggy fur 3, stealthy
paws, no weapons or thrown items, no armour, multi-lived
a: Renounce Religion, Potion Petition, Call Merchant, Bribe Branch


You were on level 1 of the Snake Pit.
You worshipped Gozag.
Gozag was most pleased with you.
You visited 6 branches of the dungeon, and saw 22 of its levels.
You also visited: Volcano.

You collected 7031 gold pieces.
You spent 2155 gold pieces at shops.
You paid 636 gold pieces to Gozag.

Inventory:

Jewellery
 j - an amulet of magic regeneration (around neck)
 k - a +4 ring of slaying
 l - a ring of positive energy
 r - an amulet of the acrobat
 v - a ring of fire
 y - a +6 ring of intelligence (right paw)
 D - a +6 ring of strength
 K - the ring "Laiho" {rN++ Str-5 Int+3 Dex+6}
   (You found it on level 4 of the Lair of Beasts)

   [ring of dexterity]

   Str:       It affects your strength (-5).
   Int:       It affects your intelligence (+3).
   Dex:       It affects your dexterity (+6).
   rN:        It greatly protects you from negative energy.
 N - a ring of protection from fire (left paw)
Wands
 b - a wand of paralysis (26)
 d - a wand of roots (8)
 u - a wand of quicksilver (10)
 z - a wand of digging (15)
 E - a wand of flame (17)
 L - a wand of mindburst (6)
Scrolls
 e - 9 scrolls of teleportation
 f - 4 scrolls of identify
 h - 5 scrolls of fog
 o - 2 scrolls of vulnerability
 p - 2 scrolls of magic mapping
 q - 4 scrolls of poison
 w - 4 scrolls of immolation
 C - a scroll of silence
 H - 3 scrolls of amnesia
 P - a scroll of torment
Potions
 a - 2 potions of magic
 c - a potion of brilliance
 g - 3 potions of flight
 i - 5 potions of mutation
 m - 12 potions of curing
 n - 2 potions of lignification
 s - 6 potions of degeneration
 t - a potion of might
 B - 3 potions of attraction
 G - 3 potions of heal wounds
 J - 2 potions of haste
 O - a potion of berserk rage
Miscellaneous
 F - a lightning rod (4/4)
 I - a phantom mirror


   Skills:
 * Level 12.6 Fighting
 * Level 16.3 Dodging
 - Level 12.0 Stealth
 + Level 4.5 Unarmed Combat
 - Level 10.0 Spellcasting
 - Level 7.0 Hexes
 - Level 12.5 Summonings
 - Level 10.0 Translocations
 + Level 3.0 Transmutations
 - Level 7.0 Air Magic


You couldn't memorise any spells.
You knew the following spells:

 Your Spells              Type           Power      Damage    Failure   Level
a - Summon Small Mammal   Summ           100%       N/A       1%          1
b - Call Imp              Summ           71%        N/A       1%          2
c - Call Canine Familiar  Summ           71%        N/A       1%          3
d - Summon Guardian Gole  Hex/Summ       62%        N/A       1%          3
e - Summon Lightning Spi  Summ/Air       62%        N/A       1%          4
f - Slow                  Hex            100%       N/A       1%          1
g - Confusing Touch       Hex            52%        N/A       1%          3
h - Summon Mana Viper     Hex/Summ       62%        N/A       1%          5
i - Summon Cactus Giant   Summ           35%        N/A       3%          6
j - Passage of Golubria   Tloc           63%        N/A       1%          4

Your spell library contained the following spells:

 Spells                   Type           Power      Damage    Failure   Level
 Beastly Appendage        Tmut           62%        N/A       1%          1
 Ensorcelled Hibernation  Hex/Ice        66%        N/A       1%          2
 Poisonous Vapours        Pois/Air       66%        N/A       1%          2
 Static Discharge         Conj/Air       33%        3-8/arc   1%          2
 Wereblood                Tmut           31%        N/A       1%          2
 Summon Forest            Summ/Tloc      33%        N/A       1%          5
 Spider Form              Tmut/Pois      22%        N/A       6%          3
 Silence                  Hex/Air        26%        N/A       6%          5
 Ignite Poison            Fire/Tmut/Pois 19%        N/A       8%          3
 Anguish                  Hex/Necr       16%        N/A       10%         4
 Conjure Flame            Conj/Fire      14%        6-21      12%         3
 Ozocubu's Armour         Ice            14%        N/A       12%         3
 Vampiric Draining        Necr           14%        2d7       12%         3
 Dispel Undead            Necr           14%        3d10      36%         4
 Sticky Flame             Conj/Fire      14%        2d4       36%         4
 Freezing Cloud           Conj/Ice/Air   13%        6-21      41%         5
 Haunt                    Necr/Summ      24%        N/A       95%         7
 Storm Form               Tmut/Air       21%        N/A       99%         7
 Ozocubu's Refrigeration  Ice            7%         4d9       100%        7
 Infestation              Necr           7%         N/A       100%        8
 Lehudib's Crystal Spear  Conj/Erth      7%         10d3      100%        8
 Maxwell's Capacitive Co  Air            26%        ∞         100%        8
 Polar Vortex             Ice            7%         N/A       100%        9
 Corpse Rot               Necr/Pois/Air  Unusable   N/A       N/A         4
 Animate Dead             Necr           Unusable   N/A       N/A         4
 Simulacrum               Ice/Necr       Unusable   N/A       N/A         6

Dungeon Overview and Level Annotations

Branches:
Dungeon (11/15)            Temple (1/1) D:7            Lair (5/5) D:11
  Swamp (0/4) Lair:2        Snake (2/4) Lair:2        Slime (0/5) Lair:4
    Orc (2/2) D:9             Elf (1/3) Orc:2       Volcano (visited)

Altars:
Cheibriados
Dithmenos
Elyvilon
Fedhas
Gozag
Kikubaaqudgha
Makhleb
Okawaru
Ru
Sif Muna
Trog
Vehumet
Wu Jian
Xom
Yredelemnul
Zin
The Shining One
Jiyva

Shops:
D:8 (*![   Orc:1 ?   Orc:2 :=?[   Snake:2 [

Annotations:
Lair:4 2 transporters, HunfridMar's ghost, journeyman DECj


Innate Abilities, Weirdness & Mutations

You have sharp claws.
You have razor-sharp teeth.
You have supernaturally acute eyesight. (SInv)
You cover ground quickly. (Speed+)
Your thick and shaggy fur keeps you warm. (AC +3, rC+)
Your paws help you pounce on unaware monsters.
You are incapable of wielding weapons or throwing items.
You cannot wear armour.
You gain extra lives every three experience levels.


Message History

The guardian serpent falters for a moment.
Your mana viper barely misses the guardian serpent.
The guardian serpent completely misses your mana viper.
You feel sick.
Your mana viper bites the guardian serpent!
The guardian serpent's magic leaks into the air.
The guardian serpent hits your mana viper!
Your cactus giant misses the guardian serpent.
You feel sick.
Casting: Summon Lightning Spire (dangerous; 1% risk of failure)
Confirm with . or Enter, or press ? or * to list all spells.
An electric hum fills the air.
You feel sick.
Your lightning spire disappears in a puff of smoke!
Your mana viper disappears in a puff of smoke!
What are your orders? t - Meow!
Orders for allies: a - Attack new target. r - Retreat! s - Stop attacking. g - Guard the area. f - Follow me.
Anything else - Cancel.
Gang up on whom?
Press: ? - help, Dir - move target, f - nagaraja
Aim: a nagaraja, wielding a +0 dire flail and wearing a +0 robe (fast, ally target) Attack!
You feel sick.
The nagaraja is distracted by your dazzling golden aura.
The guardian serpent is struck by your cactus giant's spines.
The guardian serpent dies!
Your cactus giant hits the nagaraja with a +0 giant spiked club!
The nagaraja is no longer distracted by gold.
You feel sick.
Your lightning spire shoots out a bolt of lightning at the nagaraja!
The bolt of electricity hits the nagaraja!!
The nagaraja casts a spell at you.
The bolt of poison hits your lightning spire.
Your lightning spire completely resists.
The bolt of poison hits you!!!
You are more poisoned.
Ouch! That really hurt!
You die...
Your body crumbles into a pile of gold.

..."#### #..# .. )).##
######...##.N .######
##....$S...... .#
##.#######..#.C.......
.###..##....##.#.N#
...#
..#.........##.#.§##..#
..............##..)§..#
...............#8)....#
...#........#.))@######
...#.....####.)###
....########.))# (...##
#....# .....# #....#
.....# #....#
.....######.)).#
.....#.........#
...............#


You could see a nagaraja (fast, ally target), a friendly cactus giant (summoned)
and a friendly lightning spire (summoned).

Vanquished Creatures
  A fire dragon (Lair:5)
  A swamp dragon (Lair:5)
  A mana viper (Lair:2)
  A black mamba (Snake:1)
  A rime drake (Lair:5)
  2 nameless horrors
  An orc warrior (Orc:1)
  A wolf (Lair:4)
  A bullfrog (Lair:4)
  A scorpion (D:8)
  A killer bee (D:11)
  An electric eel (D:11)
  An orc priest (D:5)
  An orc wizard (D:10)
  An endoplasm (D:4)
  2 goblins
18 creatures vanquished.

Vanquished Creatures (collateral kills)
  An orc warlord (Orc:1)
  Nessos (Lair:5)
  A dire elephant (Lair:5)
  Josephine (Lair:4)
  2 catoblepae
  A hydra (Lair:4)
  Erolcha (D:10)
  3 ogre magi
  2 two-headed ogres
  2 naga warriors (Snake:1)
  Urug (D:11)
  A naga sharpshooter (Snake:1)
  A shock serpent (Snake:1)
  A naga ritualist (Snake:1)
  Pikel (D:7)
  3 lindwurms (Lair:5)
  An orc knight (Orc:1)
  An ugly thing (D:11)
  An oklob plant (Lair:1)
  3 manticores
  4 mana vipers (Snake:1)
  13 orc sorcerers
  3 salamanders
  A cyclops (D:11)
  7 deep elf pyromancers (Volcano)
  16 elephants
  A guardian serpent (Snake:1)
  13 black mambas
  2 torpor snails
  8 naga magi
  Maggie (D:10)
  5 cane toads
  An unseen horror (D:11)
  Psyche (D:11)
  A kobold demonologist (D:8)
  9 komodo dragons
  7 rime drakes
  4 trolls
  3 hornets (Orc:1)
  3 polar bears
  12 blink frogs
  Prince Ribbit (D:9)
  4 dream sheep (Lair:5)
  3 wyverns
  27 yaks
  A vampire (D:11)
  4 wraiths (Lair:4)
  2 basilisks
  7 fire elementals (Volcano)
  A steam dragon (D:7)
  A warg (Orc:1)
  3 acid dragons
  18 nagas
  A floating eye (Orc:1)
  17 orc warriors
  4 hell hounds (Volcano)
  9 water moccasins
  A swamp drake (Lair:5)
  A sky beast (D:6)
  2 ice beasts
  4 black bears
  6 ogres
  2 centaurs
  15 wolves
  5 kobold brigands
  6 bullfrogs
  2 scorpions
  6 wights
  3 killer bees (D:11)
  4 howler monkeys
  4 jellies
  18 orc priests
  7 hounds
  A gnoll bouda (D:7)
  9 iguanas
  38 orc wizards
  A hell rat (Lair:5)
  9 nameless horrors
  7 adders
  3 gnolls (D:7)
  2 white imps
  An ufetubus (D:5)
  A worm (D:4)
  3 dart slugs
  80 orcs
  2 bats
  A bat zombie (D:6)
  10 endoplasms
  5 giant cockroaches
  3 goblins
  6 hobgoblins
  20 kobolds
  2 quokkas
  5 ball pythons
  3 frilled lizards
  6 rats
551 creatures vanquished.

Vanquished Creatures (others)
  A two-headed ogre (D:9)
  2 hydras
  2 bog bodies (Lair:2)
  4 elephants
  2 black mambas
  A guardian serpent (Snake:1)
  3 cane toads
  2 komodo dragons
  A hornet (D:9)
  6 dream sheep
  A wraith (Lair:4)
  8 yaks
  A basilisk (Lair:1)
  A steam dragon (D:8)
  5 water moccasins
  2 ice beasts
  3 orc warriors
  An ogre (D:6)
  2 lemures
  A bullfrog (D:9)
  A scorpion (D:5)
  3 wights (D:9)
  2 killer bees (D:11)
  An orc priest (D:9)
  2 orc wizards
  A gnoll (D:7)
  2 adders
  5 orcs
  A kobold (D:6)
  A bush (Lair:5)
  36 fungi
  111 plants
215 creatures vanquished.

Grand Total: 784 creatures vanquished

Notes
Turn   | Place    | Note
-------+----------+-------------------------------------------
     0 | D:1      | croobank the Felid Summoner began the quest for the Orb.
     0 | D:1      | Reached XP level 1. HP: 7/7 MP: 4/4
   434 | D:1      | Reached skill level 3 in Dodging
   434 | D:1      | Reached XP level 2. HP: 12/12 MP: 6/6
   437 | D:1      | Learned a level 2 spell: Call Imp
  1528 | D:1      | Reached XP level 3. HP: 15/15 MP: 3/7
  1532 | D:1      | Learned a level 3 spell: Call Canine Familiar
  1614 | D:1      | Reached skill level 1 in Fighting
  3408 | D:4      | Reached XP level 4. HP: 18/19 MP: 5/8
  3597 | D:4      | Noticed a scorpion
  3642 | D:4      | Killed a scorpion
  3643 | D:4      | Reached skill level 4 in Dodging
  3643 | D:4      | Reached XP level 5. HP: 18/22 MP: 7/10
  3862 | D:4      | Noticed an acid dragon
  3995 | D:4      | Killed an acid dragon
  3996 | D:4      | Gained mutation: You are covered in thick fur. (AC +2)
                  | [Felid growth]
  3996 | D:4      | Reached XP level 6. HP: 7/27 MP: 3/11
  4428 | D:4      | Reached skill level 5 in Summonings
  4432 | D:4      | Learned a level 3 spell: Summon Guardian Golem
  4493 | D:4      | Found a basalt altar of Yredelemnul.
  4690 | D:5      | Entered Level 5 of the Dungeon
  4708 | D:4      | Reached skill level 5 in Stealth
  4966 | D:5      | Noticed an ice beast
  5264 | D:5      | Found a sacrificial altar of Ru.
  5264 | D:5      | Found a shimmering blue altar of Sif Muna.
  5399 | D:5      | Reached skill level 5 in Dodging
  5413 | D:5      | Reached XP level 7. HP: 31/31 MP: 13/13
  5475 | D:5      | Found a shadowy altar of Dithmenos.
  5983 | D:5      | Noticed a dream sheep
  5983 | D:5      | Noticed a dream sheep
  5983 | D:5      | Noticed a dream sheep
  5983 | D:5      | Noticed a dream sheep
  5983 | D:5      | Noticed a dream sheep
  5983 | D:5      | Found a shimmering altar of Xom.
  5988 | D:5      | Killed a dream sheep
  5988 | D:5      | Killed a dream sheep
  5988 | D:5      | Killed a dream sheep
  5988 | D:5      | Killed a dream sheep
  5988 | D:5      | Killed a dream sheep
  6376 | D:6      | Learned a level 4 spell: Summon Lightning Spire
  6385 | D:6      | Reached skill level 6 in Dodging
  6385 | D:6      | Reached XP level 8. HP: 36/36 MP: 12/15
  6466 | D:6      | Reached skill level 1 in Hexes
  6554 | D:6      | Reached skill level 1 in Air Magic
  6702 | D:6      | Found an ancient bone altar of Kikubaaqudgha.
  7042 | D:6      | Found a burning altar of Makhleb.
  7817 | D:7      | Noticed Pikel
  7824 | D:7      | Reached XP level 9. HP: 39/39 MP: 8/17
  8058 | D:7      | Killed Pikel
  8059 | D:7      | Reached skill level 7 in Dodging
  8059 | D:7      | Reached skill level 5 in Spellcasting
  8059 | D:7      | Reached skill level 5 in Hexes
  8078 | D:7      | Killed from afar by a steam dragon
  8079 | D:7      | Reached XP level 8. HP: 0/36 MP: 14/16
  8245 | D:7      | Found a staircase to the Ecumenical Temple.
  8326 | Temple   | Entered the Ecumenical Temple
  8333 | Temple   | Became a worshipper of Gozag Ym Sagoz the Greedy
  8361 | D:7      | Learned a level 1 spell: Slow
  8365 | D:7      | Learned a level 3 spell: Confusing Touch
  8424 | D:7      | Reached skill level 5 in Fighting
  8994 | D:8      | Identified the +8 war axe of Bloody Death {elec, Stlth+}
  9016 | D:8      | Found Jaiw's Armour Shoppe.
  9098 | D:8      | Found Wixuasorgh's Distillery.
  9107 | D:8      | Bought a potion of resistance for 100 gold pieces
  9297 | D:8      | Identified the +4 hand axe of Joufuwadgh {vorpal, Str+4
                  | Dex+4}
  9356 | D:8      | Found Epourgh's General Store.
  9397 | D:8      | Reached XP level 9. HP: 30/40 MP: 18/18
  9411 | D:8      | Noticed a kobold demonologist
  9426 | D:8      | Noticed a soul eater
  9436 | D:8      | Killed a kobold demonologist
  9583 | D:8      | Found Geasir's Weapon Shop.
  9675 | D:8      | Found a glowing golden altar of the Shining One.
  9991 | D:9      | Reached skill level 8 in Dodging
  9995 | D:9      | Noticed Prince Ribbit
 10136 | D:9      | Killed Prince Ribbit
 10137 | D:9      | Reached skill level 5 in Air Magic
 10378 | D:9      | Reached XP level 10. HP: 44/45 MP: 7/20
 10564 | D:9      | Noticed a two-headed ogre
 10576 | D:9      | Killed a two-headed ogre
 10900 | D:9      | Found a staircase to the Orcish Mines.
 11344 | D:9      | Found a blossoming altar of Fedhas.
 11545 | D:10     | Entered Level 10 of the Dungeon
 11562 | D:10     | Noticed Erolcha
 11595 | D:10     | Killed Erolcha
 11596 | D:10     | Reached skill level 9 in Dodging
 11814 | D:10     | Noticed Maggie
 11828 | D:10     | Killed Maggie
 12006 | D:10     | Reached skill level 10 in Stealth
 12324 | D:10     | Noticed a two-headed ogre
 12334 | D:10     | Killed a two-headed ogre
 12849 | D:11     | Noticed a cyclops
 12938 | D:11     | Reached XP level 11. HP: 49/49 MP: 16/22
 12948 | D:11     | Learned a level 5 spell: Summon Mana Viper
 12958 | D:11     | Noticed a purple ugly thing
 12958 | D:11     | Noticed Urug
 12965 | D:11     | Noticed a nameless horror
 12973 | D:11     | Noticed Psyche
 13213 | D:11     | Killed a purple ugly thing
 13573 | D:11     | Killed Urug
 13723 | D:11     | Killed Psyche
 13724 | D:11     | Reached skill level 10 in Dodging
 14422 | D:11     | Found a staircase to the Lair.
 14470 | D:11     | Killed a nameless horror
 14940 | Lair:1   | Entered Level 1 of the Lair of Beasts
 14940 | Lair:1   | Noticed an oklob plant
 14953 | Lair:1   | Killed an oklob plant
 15306 | Lair:1   | Identified the +6 scale mail "Ahyz" {rF+ Will+ Str+4}
 15311 | Lair:1   | Found a dark tunnel.
 15363 | Volcano  | Entered a volcano
 15408 | Volcano  | Noticed a deep elf pyromancer
 15408 | Volcano  | Noticed a deep elf pyromancer
 15417 | Volcano  | Noticed a deep elf pyromancer
 15424 | Volcano  | Noticed a deep elf pyromancer
 15427 | Volcano  | Killed a deep elf pyromancer
 15429 | Volcano  | Killed a deep elf pyromancer
 15432 | Volcano  | Killed a deep elf pyromancer
 15446 | Volcano  | Noticed a deep elf pyromancer
 15469 | Volcano  | Killed a deep elf pyromancer
 15479 | Volcano  | Noticed a deep elf pyromancer
 15498 | Volcano  | Killed a deep elf pyromancer
 15499 | Volcano  | Gained mutation: Your thick and shaggy fur keeps you warm.
                  | (AC +3, rC+) [Felid growth]
 15499 | Volcano  | Reached XP level 12. HP: 55/55 MP: 15/24
 15564 | Volcano  | Reached skill level 11 in Dodging
 15791 | Lair:1   | Noticed a four-headed hydra
 15803 | Lair:1   | Killed a four-headed hydra
 17134 | Lair:2   | Reached skill level 12 in Dodging
 17364 | Lair:2   | Reached skill level 10 in Summonings
 17675 | Lair:2   | Found a staircase to the Swamp.
 17814 | Lair:2   | Found a staircase to the Snake Pit.
 17997 | Lair:2   | Learned a level 6 spell: Summon Cactus Giant
 18431 | Lair:3   | Reached skill level 1 in Translocations
 18515 | Lair:3   | Reached XP level 13. HP: 60/60 MP: 20/27
 19602 | Lair:4   | Reached skill level 13 in Dodging
 20015 | Lair:4   | Identified the ring "Laiho" {rN++ Str-5 Int+3 Dex+6}
 20159 | Lair:4   | Noticed Josephine
 20165 | Lair:4   | Killed Josephine
 20166 | Lair:4   | Reached skill level 10 in Fighting
 20312 | Lair:4   | Found a viscous altar of Jiyva.
 20312 | Lair:4   | Found a staircase to the Slime Pits.
 20388 | Lair:4   | Reached skill level 5 in Translocations
 20424 | Lair:4   | Found a transporter.
 20425 | Lair:4   | Found a bloodstained altar of Trog.
 20434 | Lair:4   | Noticed HunfridMar's ghost (journeyman DECj)
 20437 | Lair:4   | Found a transporter.
 21118 | Lair:5   | Entered Level 5 of the Lair of Beasts
 21339 | Lair:5   | Noticed Nessos
 21354 | Lair:5   | Killed Nessos
 21458 | Lair:5   | Reached skill level 10 in Spellcasting
 21600 | Lair:5   | Reached skill level 14 in Dodging
 21927 | Lair:5   | Reached XP level 14. HP: 66/66 MP: 26/29
 23497 | Orc:1    | Entered Level 1 of the Orcish Mines
 23571 | Orc:1    | Paralysed by a floating eye for 4 turns
 23625 | Orc:1    | Paralysed by a hornet for 3 turns
 23626 | Orc:1    | HP: 3/63 [hornet (6)]
 23626 | Orc:1    | Killed from afar by an orc sorcerer
 23627 | Orc:1    | Reached XP level 13. HP: -12/59 MP: 15/28
 23837 | Orc:2    | Entered Level 2 of the Orcish Mines
 23920 | Orc:1    | Noticed an orc warlord
 24183 | D:9      | Learned a level 4 spell: Passage of Golubria
 24612 | Orc:2    | Reached skill level 15 in Dodging
 24887 | Orc:2    | Found an ancient bone altar of Kikubaaqudgha.
 24930 | Orc:2    | Found Qemuach's Jewellery Emporium.
 24975 | Orc:2    | Reached skill level 10 in Translocations
 24990 | Orc:2    | Found Zohinamo's Book Emporium.
 25008 | Orc:2    | Found Remaalim's Antique Armour Shoppe.
 25056 | Orc:2    | Found a radiant altar of Vehumet.
 25089 | Orc:2    | Bought a book of the Sky for 572 gold pieces
 25089 | Orc:2    | Bought a manual of Unarmed Combat for 1040 gold pieces
 25156 | Orc:2    | Found Seytosas's Magic Scroll Emporium.
 25172 | Orc:2    | Bought a scroll of identify for 32 gold pieces
 25172 | Orc:2    | Bought a scroll of blinking for 120 gold pieces
 25172 | Orc:2    | Bought a scroll of identify for 32 gold pieces
 25172 | Orc:2    | Bought a scroll of identify for 32 gold pieces
 25272 | Orc:2    | Found a staircase to the Elven Halls.
 25622 | Orc:1    | Found Mim Ashrang's Magic Scroll Shoppe.
 25635 | Orc:2    | Reached skill level 1 in Unarmed Combat
 26024 | Orc:1    | Killed an orc warlord
 26150 | Orc:1    | Bought a scroll of teleportation for 39 gold pieces
 26150 | Orc:1    | Bought a scroll of teleportation for 39 gold pieces
 26150 | Orc:1    | Bought a scroll of magic mapping for 97 gold pieces
 26150 | Orc:1    | Bought a scroll of vulnerability for 52 gold pieces
 26479 | Elf:1    | Entered Level 1 of the Elven Halls
 26845 | Snake:1  | Entered Level 1 of the Snake Pit
 26856 | Snake:1  | Killed from afar by a guardian serpent
 26857 | Snake:1  | Reached XP level 12. HP: -27/61 MP: 13/27
 26867 | Snake:1  | Reached XP level 13. HP: 64/64 MP: 20/28
 26952 | Snake:1  | Reached skill level 1 in Transmutations
 27435 | Snake:2  | Found Tunu Ala's Antique Armour Emporium.
 27524 | Snake:1  | Reached skill level 16 in Dodging
 28096 | Snake:1  | Noticed a nagaraja
 28103 | Snake:1  | Identified the +9 quarterstaff "Egyt Luti" {spect, rCorr
                  | Str+6}
 28127 | Snake:1  | Killed from afar by a nagaraja

Illustrated notes

Levels and vault maps discovered:
D:1:      arrival_zaba_pyramid, layout_loops_corners
D:2:      layout_loops_ring
D:3:      layout_loops_ring, minmay_misc_feat_cross, reono_crystal_passage,
          st_stairs_13, grunt_decor_fettered
D:4:      layout_loops_ring, lemuel_crystal_altar, kennysheep_doodads,
          corexii_checkpoint_b, kennysheep_windowed_goal
D:5:      layout_loops_ring, overflow_temple_1_default,
          gammafunk_temple_overflow_statue, kb_xom_exploding_sheep
D:6:      layout_loops_cross, bloody_makhleb, lemuel_zombie_altar_kikubaaqudgha
D:7:      layout_cave_pools, minmay_temple_entry_proselytizer, uniq_pikel
D:8:      layout_loops_ring, lemuel_crystal_altar, serial_shops,
          nicolae_shop_advertising_works [nicolae_subvault_shop_adworks],
          nicolae_shop_bloodbath_and_beyond, nicolae_shop_stone,
          kennysheep_little_box
D:9:      layout_basic, fedhas_altar_1, hiddenorc2_lemuel, uniq_prince_ribbit1
D:10:     minmay_flawed_box, layout_grid_maze, uniq_erolcha, uniq_maggie
D:11:     layout_irregular_city, lair_entry_dummy, serial_bayou_lagoon_a,
          uniq_psyche, uniq_urug
Temple:   cyrus_circular_temple
Lair:1:   layout_roguey, nicolae_volcano_entry_two_sided,
          dpeg_stationary_puzzle, serial_bayou_shore_b
Lair:2:   layout_concentric_octagons, skrybe_swamp_entry_bodies,
          guppyfry_snake_entry_garden, st_stairs_13
Lair:3:   layout_small_grid, lemuel_fruit_fields, lemuel_fruit_tree
Lair:4:   layout_small_grid, dpeg_slime_entry_enclosed,
          gammafunk_ghost_wrathful_warriors, grunt_megastairs_4, uniq_josephine
Lair:5:   guppyfry_lair_end_dragon, layout_loops_ring, hangedman_lair_in_review,
          uniq_nessos
Snake:1:  layout_grid_shapes, special_room, nicolae_snake_storage_room
Snake:2:  layout_rooms, serial_shops, nicolae_shop_statue_plus,
          nicolae_stop_n_shop_1, nicolae_shop_crystal,
          nicolae_shop_behind_doors, uniq_aizul
Orc:1:    hellmonk_paralyzer, layout_diamond_mine, serial_shops,
          nicolae_shop_behind_doors
Orc:2:    kennysheep_orc_mage_school, layout_diamond_mine, mines1_david
Elf:1:    minmay_elf_arrival_summoners, layout_geoelf_octagon, minivault_28,
          lemuel_statue_altar, grunt_ministairs_3

Skill      XL: |  1  2  3  4  5  6  7  8  9 10 11 12 13 14 |
---------------+-------------------------------------------+-----
Dodging        | 3 4 5 6 8 9 10 12 16 | 16.3
Stealth        | 3 4 5 6 8 9 10 11 12 | 12.0
Fighting       | 1 2 3 5 6 7 9 12 11 | 12.6
Spellcasting   | 3 4 6 7 9 10 | 10.0
Summonings     | 5 6 7 8 9 10 12 | 12.5
Hexes          | 4 5 7 |  7.0
Air Magic      | 4 5 6 7 |  7.0
Translocations | 2 10 9 | 10.0
Unarmed Combat | 4 |  4.5
Transmutations | 3 |  3.0

Action                   |  1- 3 |  4- 6 |  7- 9 | 10-12 | 13-15 || total
-------------------------+-------+-------+-------+-------+-------++-------
Melee: Unarmed           |     7 |    18 |     6 |    27 |    59 ||   117
       Bite              |       |     3 |       |     6 |    16 ||    25
       Punch             |       |       |       |       |     2 ||     2
 Cast: Summon Small Mamm |    74 |    41 |    79 |    48 |    12 ||   254
       Call Imp          |    13 |    13 |    26 |     9 |     5 ||    66
       Call Canine Famil |     9 |    27 |    53 |    40 |    18 ||   147
       Summon Guardian G |       |       |    41 |    50 |    29 ||   120
       Summon Lightning  |       |       |    28 |    80 |    94 ||   202
       Summon Mana Viper |       |       |       |    21 |   104 ||   125
       Confusing Touch   |       |       |       |     2 |     3 ||     5
       Summon Cactus Gia |       |       |       |     1 |    66 ||    67
       Passage of Golubr |       |       |       |       |     3 ||     3
Invok: Potion Petition   |       |       |       |     1 |       ||     1
Evoke: Wand              |       |       |       |    11 |     5 ||    16
       Lightning rod     |       |       |       |       |     3 ||     3
  Use: Scroll            |       |     6 |     6 |    13 |    12 ||    37
       Potion            |       |     2 |     2 |     6 |     2 ||    12
 Stab: Sleeping          |       |     2 |       |       |     1 ||     3
       Paralysed         |       |       |       |     1 |       ||     1
       Distracted        |       |       |       |       |     3 ||     3
Armor: Skin              |     1 |     1 |     3 |     1 |     6 ||    12
Dodge: Dodged            |    16 |    14 |    56 |    80 |   170 ||   336
